 Dungeon Crawl Stone Soup version 0.31-a0-117-g42d8f58691 (webtiles) character file.

Game seed: 11474544842410747682

210 voltaire321 the Stinger (level 5, -5/38 HPs)
             Began as a Merfolk Venom Mage on May 30, 2023.
             Slain by an ogre
             ... wielding a +0 giant club
              (19 damage)
             ... on level 4 of the Dungeon.
             The game lasted 00:08:21 (2900 turns).

voltaire321 the Stinger (Merfolk Venom Mage)        Turns: 2900, Time: 00:08:21

Health: -5/38      AC:  2    Str: 10    XL:     5   Next: 87%
Magic:  9/9        EV: 13    Int: 15    God:
Gold:   177        SH:  0    Dex: 14    Spells: 1/9 levels left

rFire   + . .        d - +2 short sword (venom)
rCold   + . .        (no shield)
rNeg    . . .        a - +0 robe
rPois   +            (no helmet)
rElec   .            s - scarf {rC+ rF+}
rCorr   .            (no gloves)
SInv    .            (no boots)
Will    .....        h - amulet of magic regeneration
Stlth   ++           j - ring of poison resistance
HPRegen 0.26/turn    (no ring)
MPRegen 0.51/turn

%: no passive effects
@: no status effects
A: (nimble swimmer 2), mertail
a: no special abilities


You were on level 4 of the Dungeon.
You visited 1 branch of the dungeon, and saw 4 of its levels.

You collected 177 gold pieces.

Inventory:

Hand Weapons
 d - a +2 short sword of venom (weapon)
Armour
 a - a +0 robe (worn)
 s - a scarf of resistance (worn)
Jewellery
 h - an amulet of magic regeneration (around neck)
 j - a ring of poison resistance (left hand)
Scrolls
 c - 2 scrolls of identify {unknown}
 e - 3 scrolls of vulnerability {unknown}
 g - a scroll of enchant armour {unknown}
 k - 3 scrolls of enchant weapon {unknown}
 l - a scroll of noise {unknown}
 n - a scroll of silence {unknown}
 p - a scroll of acquirement {unknown}
 r - 3 scrolls of magic mapping {unknown}
 t - a scroll of poison {unknown}
Potions
 b - a potion of magic
 f - a potion of invisibility {unknown}
 i - a potion of berserk rage {unknown}
 m - a potion of brilliance {unknown}
 o - 2 potions of heal wounds {unknown}
 q - 3 potions of curing {unknown}


   Skills:
 + Level 1.9 Fighting
 + Level 1.2 Armour
 + Level 3.7 Dodging
 - Level 2.5 Stealth
 + Level 2.8 Spellcasting
 - Level 2.0 Transmutations
 * Level 2.3 Ice Magic
 + Level 4.0 Poison Magic


You had one spell level left.
You knew the following spells:

 Your Spells              Type           Power      Damage    Failure   Level
a - Sting                 Tmut/Pois      44%        1d5       6%          1
b - Frozen Ramparts       Ice            18%        1d3       22%         3
c - Olgreb's Toxic Radia  Pois           14%        N/A       36%         4

Your spell library contained the following spells:

 Spells                   Type           Power      Damage    Failure   Level
 Freeze                   Ice            36%        1d5       8%          1
 Summon Small Mammal      Summ           8%         N/A       21%         1
 Poisonous Vapours        Pois/Air       16%        N/A       14%         2
 Cigotuvi's Dreadful Rot  Necr/Pois/Air  12%        N/A       19%         2
 Ignite Poison            Fire/Tmut/Pois 8%         N/A       26%         3
 Mephitic Cloud           Conj/Pois/Air  6%         N/A       34%         3
 Hailstorm                Conj/Ice       5%         3d4       36%         3
 Call Canine Familiar     Summ           2%         N/A       52%         3
 Summon Guardian Golem    Hex/Summ       2%         N/A       52%         3
 Freezing Cloud           Conj/Ice/Air   2%         6-21      99%         5


Dungeon Overview and Level Annotations

Branches:
Dungeon (4/15)
 Temple: D:4-7

Altars:
Nemelex Xobeh
Okawaru
Qazlal
Vehumet
The Shining One

Shops:
D:2 =


Innate Abilities, Weirdness & Mutations

((You are very nimble when in or above water. (Stealth+, EV+, Speed+++)))
Your lower body shifts to a powerful aquatic tail in water.


Message History

The adder closely misses you.
You barely miss the adder.
The adder is almost dead.
You kill the adder!
You now have 173 gold pieces (gained 10).
Found a stone staircase leading down.
t - a scroll labelled BEAQACOFEG An endoplasm comes into view.
You see here a Trismegistus Codex.
The helpless endoplasm fails to defend itself.
You puncture the endoplasm!
You kill the endoplasm!
Your Poison Magic skill increases to level 4!
You pick up a Trismegistus Codex and begin reading...
You add the spells Cigotuvi's Dreadful Rot, Ignite Poison and Freezing Cloud to your library.
Found a stone staircase leading up.
You now have 177 gold pieces (gained 4).
An ogre comes into view. It is wielding a +0 giant club.
The ogre shouts!
Aiming: Sting (safe; 6% risk of failure)
Press: ? - help, Q - select action Shift-Dir - straight line, f - you That beam is likely to hit you.
Continue anyway?
Okay, then.
Aiming: Sting (safe; 6% risk of failure)
Press: ? - help, Q - select action Shift-Dir - straight line, f - ogre
Aim: an ogre, wielding a +0 giant club (86% to hit)
The sting hits the ogre but does no damage.
The ogre is poisoned.
Aiming: Sting (safe; 6% risk of failure)
Press: ? - help, Q - select action Shift-Dir - straight line, f/p - ogre
Aim: an ogre, wielding a +0 giant club (lightly wounded, poisoned, 86% to hit)
The sting hits the ogre.
The ogre looks even sicker.
The ogre is lightly wounded.
You hit the ogre.
The ogre is moderately wounded.
The ogre hits you with a +0 giant club!!
Ouch! That really hurt!
The ogre hits you with a +0 giant club!!
Ouch! That really hurt!
You die...

....... ......#...
...........# .....#...
...........### .........
.............. ........
##...........# #.....
.............####...# ..
....................##...
.........................
................@........
............<....O#......
..................#...#..
..................# ..# .
..#.....####......# ..#
..#.....####......# .#
..#........#........ ..
.....................
......................


You could see an ogre (very poisoned).

Vanquished Creatures
  2 orc priests (D:3)
  An orc wizard (D:3)
  4 adders
  2 worms (D:3)
  A dart slug (D:1)
  6 orcs
  7 ball pythons
  8 endoplasms
  3 giant cockroaches
  6 goblins
  4 hobgoblins
  7 jackals (D:2)
  5 kobolds
  5 quokkas
  6 bats
  3 frilled lizards
  2 rats (D:1)
72 creatures vanquished.

Notes
Turn   | Place    | Note
-------+----------+-------------------------------------------
     0 | D:1      | voltaire321 the Merfolk Venom Mage began the quest for the
                  | Orb.
     0 | D:1      | Reached XP level 1. HP: 13/13 MP: 3/3
    40 | D:1      | Reached XP level 2. HP: 5/19 MP: 1/5
   434 | D:1      | Reached XP level 3. HP: 22/25 MP: 6/6
   466 | D:1      | Learned a level 3 spell: Frozen Ramparts
   598 | D:1      | Found a faded altar of an unknown god.
   849 | D:2      | Found Meumexte's Jewellery Shop.
  1124 | D:2      | Reached skill level 1 in Fighting
  1223 | D:2      | Reached skill level 1 in Ice Magic
  1546 | D:3      | Reached XP level 4. HP: 32/32 MP: 7/7
  1886 | D:3      | Reached skill level 1 in Armour
  1886 | D:3      | Reached XP level 5. HP: 27/37 MP: 8/8
  2080 | D:3      | Found a sparkling altar of Nemelex Xobeh.
  2080 | D:3      | Found a stormy altar of Qazlal.
  2088 | D:3      | Found an iron altar of Okawaru.
  2090 | D:3      | Found a radiant altar of Vehumet.
  2092 | D:3      | Found a faded altar of an unknown god.
  2683 | D:3      | Found a glowing golden altar of the Shining One.
  2717 | D:3      | Learned a level 4 spell: Olgreb's Toxic Radiance
  2829 | D:4      | Reached skill level 4 in Poison Magic
  2889 | D:4      | Noticed an ogre
  2900 | D:4      | Slain by an ogre

Illustrated notes

Levels and vault maps discovered:
D:1:      lightli_arrival_statuegarden, layout_rooms,
          shapermc_ecumenical_altar_totnotflames,
          hangedman_decor_clover_reticule
D:2:      layout_basic, serial_shops, shop
D:3:      minmay_diamond_boxcup, layout_loops_ring,
          chequers_temple_overflow_minitemple, tso_altar
D:4:      layout_basic

Skill      XL: |  1  2  3  4  5 |
---------------+----------------+-----
Dodging        | 3 |  3.7
Transmutations | 2 |  2.0
Fighting       | 1 |  1.9
Ice Magic      | 1 2 |  2.3
Armour         | 1 |  1.2
Poison Magic   | 4 |  4.0
Stealth        | |  2.5
Spellcasting   | |  2.8

Action                     |  1- 3 |  4- 6 || total
---------------------------+-------+-------++-------
  Melee: Short sword       |   101 |    97 ||   198
         Punch             |     2 |       ||     2
   Cast: Sting             |     4 |     6 ||    10
   Stab: Sleeping          |     6 |     5 ||    11
 Armour: Robe              |    21 |    13 ||    34
  Dodge: Dodged            |    69 |    55 ||   124

Table legend: (Time is in decaauts)
 A = Elapsed time spent in this place.
 B = Non-inter-level travel time spent in this place.
 C = Inter-level travel time spent in this place.
 D = Time resting spent in this place.
 E = Time spent auto-exploring this place.
 F = Levels seen in this place.
 G = Mean time per level.
                   A        B        C        D        E       F      G
               +--------+--------+--------+--------+--------+-----+--------+
         Total |   2898 |   2819 |     79 |    190 |   1914 |   4 |  724.5 |
       Dungeon |   2898 |   2819 |     79 |    190 |   1914 |   4 |  724.5 |
               +--------+--------+--------+--------+--------+-----+--------+

Top non-repeatable levels by time:
     D:3: 1125 daAuts
     D:2: 859 daAuts
     D:1: 731 daAuts
     D:4: 181 daAuts
